 Dungeon Crawl Stone Soup version 0.31-a0-986-g5e6e4ef867 (webtiles) character file.

Game seed: 11071148454472066619

4519 sammy202020 the Fighter (level 10, 64/66 HPs)
             Began as a Gargoyle Berserker on Nov 6, 2023.
             Was a High Priest of Trog.
             Quit the game on level 8 of the Dungeon.
             The game lasted 00:18:04 (8007 turns).

sammy202020 the Fighter (Gargoyle Berserker)        Turns: 8007, Time: 00:18:05

Health: 64/66      AC: 29    Str: 22    XL:     10   Next: 39%
Magic:  10/10      EV: 17    Int: 11    God:    Trog [*****.]
Gold:   232        SH:  0    Dex:  9    Spells: 9/9 levels left

rFire   . . .        a - +1 morningstar (protect)
rCold   + . .        (no shield)
rNeg    + . .        z - +0 acid dragon scales
rPois   ∞            u - +0 helmet {SInv}
rElec   +            D - +0 cloak
rCorr   +            b - +1 pair of gloves
SInv    +            t - +0 pair of boots
Will    .....        i - amulet of guardian spirit
Stlth   +            d - +5 ring of evasion
HPRegen 0.31/turn    l - ring of protection from cold
MPRegen 0.12/turn

%: guardian spirit
@: under a protective aura, very slow
A: sickness immunity, AC +7, negative energy resistance 1, electricity
resistance, torment resistance 1, petrification resistance
a: Renounce Religion, Berserk, Trog's Hand, Brothers in Arms


You were on level 8 of the Dungeon.
You worshipped Trog.
Trog was extremely pleased with you.
You visited 1 branch of the dungeon, and saw 8 of its levels.

You collected 407 gold pieces.
You spent 175 gold pieces at shops.

Inventory:

Hand Weapons
 a - a +1 morningstar of protection (weapon)
 A - a +3 flail of protection
Missiles
 m - a throwing net
Armour
 b - a +1 pair of gloves (worn)
 o - the +1 hat "Jump" {rF+++ MP-9 Int+4 Stlth+}
   (You found it on level 4 of the Dungeon)

   Int+4:     It affects your intelligence (+4).
   rF+++:     It renders you almost immune to fire.
   MP-9:      It affects your magic capacity (-9).
   Stlth+:    It makes you more stealthy.
 t - a +0 pair of boots (worn)
 u - a +0 helmet of see invisible (worn)
 z - +0 acid dragon scales (worn)
 B - a +0 chain mail
 D - a +0 cloak (worn)
Jewellery
 d - a +5 ring of evasion (left hand)
 i - an amulet of guardian spirit (around neck)
 l - a ring of protection from cold (right hand)
 p - an amulet of the acrobat
Wands
 e - a wand of polymorph (3)
 v - a wand of flame (53)
 y - a wand of charming (33)
Scrolls
 q - 3 scrolls of fear
 r - 2 scrolls of teleportation
 s - a scroll of silence
 w - 4 scrolls of identify
 x - a scroll of blinking
 E - a scroll of enchant armour {unknown}
Potions
 c - 3 potions of brilliance
 f - 2 potions of might
 g - 2 potions of curing
 h - 4 potions of cancellation
 j - 2 potions of enlightenment
 k - 3 potions of heal wounds
 n - 2 potions of haste
 C - a potion of lignification


   Skills:
 * Level 9.5 Fighting
 * Level 8.5 Maces & Flails
 * Level 8.9 Armour
 + Level 5.0 Dodging


You had 9 spell levels left.
You didn't know any spells.
Your spell library was empty.

Dungeon Overview and Level Annotations

Branches:
Dungeon (8/15)             Temple (0/1) D:6            Lair (0/5) D:8

Altars:
Ashenzari
Cheibriados
Hepliaklqana
Kikubaaqudgha
Makhleb
Nemelex Xobeh
Okawaru
Uskayaw
Wu Jian
Yredelemnul

Shops:
D:4 [


Innate Abilities, Weirdness & Mutations

You are immune to sickness and miasma.
Your stone body is resilient. (AC +7)
You are immune to poison.
You resist negative energy. (rN+)
You are resistant to electric shocks. (rElec)
You are resistant to unholy torment.
You are immune to petrification.


Message History

Found a broken altar of Ashenzari.
Found 2 poisoned darts.
h - 4 potions of cancellation (gained 2)
You see here 2 poisoned darts.
You see here 2 poisoned darts.
Found a staircase to the Lair.
You see here a +0 whip.
You see here a +0 dagger.
Found 5 stones.
There is a stone staircase leading up here.
You see here 5 stones.
You enter the shallow water.
Moving in this stuff is going to be slow.
You enter the shallow water.
Moving in this stuff is going to be slow.
You open the gate. 3 goblins and 2 orcs come into view.
The goblin shouts! x3; The orc shouts! x2
Found a scroll of teleportation.
Found an escape hatch in the floor.
Your unstable footing causes you to fumble your attack.
The goblin closely misses you. The goblin misses you.
The orc barely misses you.
Your unstable footing causes you to fumble your attack.
The goblin misses you. The orc hits you. The orc barely misses you.
The goblin misses you. The goblin closely misses you.
You bludgeon the goblin!!
Your weapon exudes an aura of protection.
You kill the goblin!
Trog accepts your kill. The goblin barely misses you. The orc misses you.
The goblin barely misses you.
You sock the orc!
You kill the orc!
Trog accepts your kill. Trog grants you a weapon!
Something appears at your feet!
You hear a splash.
You see here a +4 heavy hand axe.
The goblin splashes around in the water.
The orc completely misses you. The goblin hits you but does no damage.
Are you sure you want to abandon this character and quit the game? (Confirm with "yes".)

##########
#........#####
#............#
##..~≈~~~~≈≈~.#
##...~≈≈g@≈≈≈~.#
######..#.~##(go##~.#
###......##.~#....?#~.#
........###.≈#∩...>#~.##
.##.##..# #.~#######~..#
.##.##..###.~~~~~≈~~~..#
.##.##..##.............#
.##.##..##...###..(....#
.##.##.....### #.#######


You could see an orc and 2 goblins.

Vanquished Creatures
  A komodo dragon (D:8)
  Maggie (D:7)
  Sigmund (D:4)
  3 yaks (D:8)
  Grum (D:8)
  Edmund (D:5)
  Duvessa (D:4)
  A hornet zombie (D:7)
  3 water moccasins
  A sky beast (D:7)
  2 ice beasts
  3 black bears
  An orc warrior (D:8)
  An ogre (D:7)
  2 wolves (D:8)
  2 phantoms
  The ghost of Whiskey the Changeling, an amateur OpSh (D:3)
  2 bullfrogs
  3 kobold brigands
  2 scorpions
  A gnoll sergeant (D:6)
  A water moccasin zombie (D:3)
  Dowan (D:4)
  5 centaur zombies
  A jelly (D:4)
  Crazy Yiuf (D:6)
  A gnoll bouda (D:6)
  2 orc priests
  5 iguanas
  A centaur skeleton (D:3)
  2 sleepcaps
  7 orc wizards
  3 howler monkey zombies (D:7)
  15 gnolls
  8 adders
  6 ufetubi
  3 worms
  7 dart slugs
  22 orcs
  8 bats
  12 endoplasms
  A giant cockroach (D:2)
  11 goblins
  15 hobgoblins
  2 quokkas
  8 ball pythons
  8 frilled lizards
  18 kobolds
  6 rats
214 creatures vanquished.

Vanquished Creatures (others)
  An orc wizard (D:4)
1 creature vanquished.

Grand Total: 215 creatures vanquished

Notes
Turn   | Place    | Note
-------+----------+-------------------------------------------
     0 | D:1      | sammy202020 the Gargoyle Berserker began the quest for the
                  | Orb.
     0 | D:1      | Reached XP level 1. HP: 14/14 MP: 1/1
    64 | D:1      | Reached XP level 2. HP: 15/19 MP: 2/2
   231 | D:1      | Reached XP level 3. HP: 24/24 MP: 3/3
   945 | D:2      | Reached skill level 4 in Fighting
  1001 | D:2      | Reached ** piety under Trog
  1108 | D:2      | Reached XP level 4. HP: 29/29 MP: 4/4
  2138 | D:3      | Reached XP level 5. HP: 34/34 MP: 1/5
  2352 | D:3      | Found a transporter.
  2356 | D:3      | Noticed Whiskey's ghost (amateur OpSh)
  2357 | D:3      | Found a transporter.
  2367 | D:3      | Killed Whiskey's ghost
  2368 | D:3      | Reached XP level 6. HP: 40/40 MP: 6/6
  2378 | D:3      | Reached skill level 5 in Fighting
  2674 | D:3      | Reached *** piety under Trog
  3055 | D:4      | Found a burning altar of Makhleb.
  3064 | D:4      | Reached XP level 7. HP: 39/44 MP: 5/7
  3154 | D:4      | Reached skill level 5 in Maces & Flails
  3501 | D:4      | Identified the +1 hat "Jump" {rF+++ MP-9 Int+4 Stlth+}
  3994 | D:4      | Reached skill level 5 in Armour
  4078 | D:4      | Noticed Sigmund
  4114 | D:4      | Killed Sigmund
  4115 | D:4      | Reached skill level 6 in Fighting
  4249 | D:4      | Found Hiopn's Armour Shoppe.
  4255 | D:4      | Bought a +0 pair of boots for 49 gold pieces
  4255 | D:4      | Bought a +0 helmet of see invisible for 126 gold pieces
  4365 | D:4      | Noticed Dowan
  4365 | D:4      | Noticed Duvessa
  4390 | D:4      | Killed Duvessa
  4391 | D:4      | Reached XP level 8. HP: 36/52 MP: 4/8
  4412 | D:4      | Killed Dowan
  4584 | D:5      | Entered Level 5 of the Dungeon
  4990 | D:5      | Noticed Edmund
  5018 | D:5      | Killed Edmund
  5019 | D:5      | Reached skill level 7 in Fighting
  5372 | D:6      | Identified the +0 ring mail of the Gusle {Drain rC+ Slay+6}
  5410 | D:6      | Found a staircase to the Ecumenical Temple.
  5429 | D:6      | Reached XP level 9. HP: 57/57 MP: 9/9
  5501 | D:6      | Reached **** piety under Trog
  5618 | D:6      | Found a runed translucent door.
  5619 | D:6      | Noticed Crazy Yiuf
  5731 | D:6      | Found a snail-covered altar of Cheibriados.
  5735 | D:6      | Found an iron altar of Okawaru.
  5889 | D:6      | Killed Crazy Yiuf
  6371 | D:7      | Reached skill level 8 in Fighting
  6528 | D:7      | Found a sparkling altar of Nemelex Xobeh.
  6868 | D:7      | Noticed Maggie
  6891 | D:7      | Killed Maggie
  7113 | D:7      | Reached XP level 10. HP: 65/65 MP: 10/10
  7125 | D:7      | Reached ***** piety under Trog
  7126 | D:7      | Found a basalt altar of Yredelemnul.
  7266 | D:8      | Found a hide-covered altar of Uskayaw.
  7375 | D:8      | Noticed Grum
  7391 | D:8      | Found an ancient bone altar of Kikubaaqudgha.
  7393 | D:8      | Found an ornate altar of the Wu Jian Council.
  7397 | D:8      | Found a hazy altar of Hepliaklqana.
  7470 | D:8      | Reached skill level 9 in Fighting
  7566 | D:8      | Reached skill level 5 in Dodging
  7578 | D:8      | Killed Grum
  7857 | D:8      | Found a broken altar of Ashenzari.
  7924 | D:8      | Found a staircase to the Lair.
  8006 | D:8      | Received a gift from Trog
  8007 | D:8      | Quit the game

Illustrated notes

Levels and vault maps discovered:
D:1:      dpeg_arrival_lava_altar, layout_rooms
D:2:      minmay_skewed_foursquare, layout_basic, serial_bayou_pond_d
D:3:      layout_loops_cross, gammafunk_ghost_mausoleum
D:4:      layout_cave_pods, mainiacjoe_overflow_cross_hatched, serial_shops,
          nicolae_shop_rolling_square, hangedman_decor_clover_reticule,
          uniq_duvessa, uniq_sigmund
D:5:      layout_loops_cross, uniq_edmund
D:6:      layout_gridville, minitemple, minmay_temple_entry_butterflies,
          uniq_crazy_yiuf_cottage
D:7:      layout_loops_cross, nemelex_dance_club_becter,
          nicolae_yredelemnul_corpse_copse, uniq_maggie
D:8:      layout_loops_ring, nicolae_overflow_macrodata_refinement,
          lemuel_tele_altar, david_lair_shrubbed, enter_bailey_4, uniq_grum

Skill      XL: |  1  2  3  4  5  6  7  8  9 10 |
---------------+-------------------------------+-----
Armour         | 3 4 5 6 8 |  8.9
Fighting       | 4 5 6 7 8 9 |  9.5
Dodging        | 2 3 4 5 |  5.0
Maces & Flails | 4 5 6 7 8 |  8.5

Action                     |  1- 3 |  4- 6 |  7- 9 | 10-12 || total
---------------------------+-------+-------+-------+-------++-------
  Melee: Mace              |    82 |   103 |       |       ||   185
         Punch             |       |     3 |     5 |     1 ||     9
         Flail             |       |    82 |   119 |       ||   201
         Whip              |       |       |   154 |       ||   154
         Morningstar       |       |       |   225 |   141 ||   366
 Invoke: Berserk           |     1 |     2 |     5 |     1 ||     9
         Trog's Hand       |       |     2 |       |     1 ||     3
    Use: Scroll            |     5 |     6 |     5 |       ||    16
         Potion            |       |     1 |     3 |       ||     4
 Armour: Animal skin       |    38 |     6 |       |       ||    44
         Ring mail         |       |    20 |       |       ||    20
         Scale mail        |       |    64 |   139 |       ||   203
         Chain mail        |       |       |   333 |       ||   333
         Acid dragon scale |       |       |     4 |   137 ||   141
  Dodge: Dodged            |    60 |   176 |   576 |   191 ||  1003

Table legend: (Time is in decaauts)
 A = Elapsed time spent in this place.
 B = Non-inter-level travel time spent in this place.
 C = Inter-level travel time spent in this place.
 D = Time resting spent in this place.
 E = Time spent auto-exploring this place.
 F = Levels seen in this place.
 G = Mean time per level.
                   A        B        C        D        E       F      G
               +--------+--------+--------+--------+--------+-----+--------+
         Total |   8157 |   7977 |    180 |    645 |   5124 |   8 | 1019.6 |
       Dungeon |   8157 |   7977 |    180 |    645 |   5124 |   8 | 1019.6 |
               +--------+--------+--------+--------+--------+-----+--------+

Top non-repeatable levels by time:
     D:4: 1625 daAuts
     D:2: 1233 daAuts
     D:6: 978 daAuts
     D:3: 966 daAuts
     D:7: 878 daAuts
     D:8: 869 daAuts
     D:1: 859 daAuts
     D:5: 747 daAuts
